[Event "WYCC 2018 G16"]
[Site "Halkidiki"]
[Date "2018.10.22"]
[Round "4"]
[White "Sosa Suarez, Carla Cristina"]
[Black "Muetsch, Annmarie"]
[Result "1/2-1/2"]
[ECO "C54"]
[WhiteElo "2025"]
[BlackElo "2206"]
[Annotator "NA"]
[PlyCount "72"]
[EventDate "2018.10.20"]
[EventType "swiss"]
[EventCountry "GRE"]
[SourceTitle "playchess.com"]
[Source "ChessBase"]
[SourceQuality "1"]
[TimeControl "40/5400+30:1800+30"]

1. e4 e5 2. Nf3 Nc6 3. Bc4 Bc5 4. c3 Nf6 5. d3 a6 6. O-O Ba7 7. Bb3 d6 8. Be3 O-O 9. Nbd2 h6 10. Re1 Nh5 11. Nf1 Qf6 12. Ng3 Bg4 13. h3 Bxf3 14. Nxh5 Bxh5 15. Qxh5 Ne7 16. Qg4 Kh7 $16 (16... a5 $14) 17. Rf1 a5 18. a4 c6 19. Bxa7 Rxa7 20. f4 Kg8 21. fxe5 Qxe5 22. d4 Qg5 23. Qd7 d5 24. Rae1 Raa8 25. exd5 Nxd5 26. Bxd5 Qxd5 27. Qxd5 cxd5 28. Re7 b5 29. Rf5 bxa4 30. Rxd5 Rfb8 31. Rdd7 Rxb2 32. Rxf7 a3 33. Rxg7+ Kh8 34. Rh7+ Kg8 35. Rhg7+ Kh8 36. Rh7+ Kg8 1/2-1/2

[Event "WYCC 2018 G16"]
[Site "Halkidiki"]
[Date "2018.10.22"]
[Round "4"]
[White "Nestorovic, Katarina"]
[Black "Mikic, Ivana"]
[Result "1-0"]
[ECO "C24"]
[WhiteElo "2015"]
[BlackElo "1783"]
[Annotator "NA"]
[PlyCount "59"]
[EventDate "2018.10.20"]
[EventType "swiss"]
[EventCountry "GRE"]
[SourceTitle "playchess.com"]
[Source "ChessBase"]
[SourceQuality "1"]
[TimeControl "40/5400+30:1800+30"]

1. e4 e5 2. Bc4 Nf6 3. d3 Bc5 4. Nc3 O-O 5. f4 exf4 6. Bxf4 d6 7. Nf3 Be6 8. Bb3 Nbd7 9. Qd2 Qe7 10. O-O-O Ng4 $18 (10... Bxb3 $11 11. axb3 Rfe8) 11. d4 Bb6 12. d5 Nf2 13. dxe6 fxe6 14. Rhf1 Nxd1 15. Rxd1 Nc5 16. Bc4 Kh8 17. Kb1 Qf6 18. Be3 Qg6 19. Ng5 Rae8 20. h4 Nxe4 21. Ncxe4 Bxe3 22. Qxe3 d5 23. Bb5 c6 24. Nd6 Re7 25. Bd3 Qh5 26. Rh1 h6 27. Nf3 Qg4 28. Ne5 d4 29. Qd2 Qg3 30. Ng6+ 1-0

[Event "WYCC 2018 G16"]
[Site "Halkidiki"]
[Date "2018.10.22"]
[Round "4"]
[White "Bogdanic, Katarina"]
[Black "Yurasova, Daria"]
[Result "0-1"]
[ECO "A13"]
[WhiteElo "2014"]
[BlackElo "2193"]
[Annotator "NA"]
[PlyCount "70"]
[EventDate "2018.10.20"]
[EventType "swiss"]
[EventCountry "GRE"]
[SourceTitle "playchess.com"]
[Source "ChessBase"]
[SourceQuality "1"]
[TimeControl "40/5400+30:1800+30"]

1. c4 e6 2. Nf3 d5 3. g3 d4 4. d3 Nf6 5. Bg2 c5 6. O-O Nc6 7. e3 {[%emt 0:00:59] A09: Réti Opening: 1 Nf3 d5 2 c4} Bd6 8. Na3 (8. a3 a5 9. Nbd2 O-O 10. e4 e5 11. h3 Bd7 12. Nh2 Qc8 13. f4 Bxh3 14. f5 Bxg2 15. Kxg2 {½-½ (31) Aronian,L (2780)-Yilmaz,M (2633) Batumi 2018}) 8... O-O 9. exd4 cxd4 10. Nc2 e5 11. Re1 Re8 12. Bg5 Bf5 13. b4 a6 14. a4 $146 ({Predecessor:} 14. Nh4 Bd7 15. c5 Bf8 16. Qf3 {1-0 (57) Pavlov,S (2485)-Polivanov,A (2383) Batumi 2018}) 14... h6 15. Nh4 Bxd3 16. Bxc6 Bxc2 17. Qxc2 bxc6 18. Bxf6 Qxf6 19. b5 axb5 20. axb5 Rxa1 21. Rxa1 cxb5 22. cxb5 e4 23. Ra6 e3 24. fxe3 dxe3 25. Qe2 Qe5 26. Nf3 $19 Qd5 27. Ra2 Bc5 28. Kf1 Re6 29. Ra6 Re4 30. Rc6 Rc4 31. Kg2 Qe4 32. Kg1 Rc1+ 33. Ne1 Qb1 34. Rc8+ Kh7 35. Rxc5 Rxe1+ 0-1

[Event "WYCC 2018 G16"]
[Site "Halkidiki"]
[Date "2018.10.22"]
[Round "4"]
[White "Duson, Robin"]
[Black "Serikbay, Assel"]
[Result "0-1"]
[ECO "D15"]
[WhiteElo "1999"]
[BlackElo "2166"]
[Annotator "NA"]
[PlyCount "72"]
[EventDate "2018.10.20"]
[EventType "swiss"]
[EventCountry "GRE"]
[SourceTitle "playchess.com"]
[Source "ChessBase"]
[SourceQuality "1"]
[TimeControl "40/5400+30:1800+30"]

1. d4 d5 2. c4 c6 3. Nc3 Nf6 4. Nf3 a6 5. c5 Nbd7 6. Bf4 Nh5 7. Bd2 e5 {[%emt 0:00:56] D15: Slav Defence: 4 Nc3 a6 and gambit lines after 4 Nc3 dxc4} 8. Nxe5 Nxe5 9. dxe5 Qe7 10. Be3 Qxe5 11. Bd4 Qg5 12. e3 Nf6 $146 ({Predecessor:} 12... Be7 13. h4 Qg6 14. Be2 Nf6 15. h5 Qxg2 {½-½ (26) Wojtaszek,R (2630)-Morozevich,A (2747) Pamplona 2006}) 13. Qc2 Be7 14. O-O-O O-O 15. Bd3 h5 16. h4 Qh6 17. Na4 Be6 18. f3 Nd7 19. g4 hxg4 20. fxg4 Bxg4 21. Rdf1 $17 f6 22. Bf5 Ne5 23. Bxg4 Nxg4 24. Qf5 Ne5 25. Rf4 Rae8 26. Rg1 Qh7 27. Qe6+ Kh8 28. Bxe5 Bxc5 29. Qh3 fxe5 30. Rxf8+ Bxf8 31. Qd7 Re7 32. Qd8 Rf7 33. Nc5 Rf2 34. e4 Qh6+ 35. Rg5 Qxh4 36. Ne6 Qh1+ 0-1

[Event "WYCC 2018 G16"]
[Site "Halkidiki"]
[Date "2018.10.22"]
[Round "4"]
[White "Zhang, Xiao"]
[Black "Schulze, Lara"]
[Result "1-0"]
[ECO "E06"]
[WhiteElo "1980"]
[BlackElo "2122"]
[Annotator "NA"]
[PlyCount "77"]
[EventDate "2018.10.20"]
[EventType "swiss"]
[EventCountry "GRE"]
[SourceTitle "playchess.com"]
[Source "ChessBase"]
[SourceQuality "1"]
[TimeControl "40/5400+30:1800+30"]

1. d4 Nf6 2. g3 d5 3. Bg2 e6 4. c4 Be7 5. Nf3 O-O 6. Nc3 dxc4 7. Ne5 Nc6 8. Bxc6 {[%emt 0:00:15] E06: Closed Catalan: Early deviations} bxc6 9. Nxc6 Qe8 10. Nxe7+ Qxe7 11. Qa4 e5 (11... c5 12. dxc5 Qxc5 13. Be3 Qc7 14. O-O-O Ng4 15. Rd2 Nxe3 16. fxe3 Rb8 17. Rhd1 a5 18. Kb1 h6 19. Ka1 Rb4 {1-0 (49) Caruana,F (2822)-Nakamura,H (2777) Saint Louis 2018}) 12. dxe5 Qxe5 13. Bf4 Qe6 14. O-O Ne4 15. Qc2 $146 ({Predecessor:} 15. Rfe1 Rb8 16. Qc2 Bb7 17. Nxe4 Bxe4 18. Qc3 Ba8 19. f3 Qb6+ {1-0 (93) Lahlum,H (2307)-Pagliafora,A (2263) ICCF email 2013}) 15... Nxc3 16. bxc3 Re8 17. Rfe1 Bb7 18. f3 h6 19. g4 Rad8 20. Rab1 Bc6 21. Qf5 Qe7 22. Qa5 g5 23. Bg3 Rd2 $11 24. Qa6 Qe6 25. Bf2 Bd7 26. Qxa7 Qc6 27. Rb7 Qd5 28. Rxc7 Rd1 29. Kg2 Be6 30. Qa4 Rd8 31. Rxd1 Qxd1 32. Qxd1 Rxd1 33. Bd4 Rd2 34. Ra7 f5 35. Re7 Bf7 36. gxf5 Rxa2 37. Kg3 Ra1 38. Rc7 Ra8 39. e4 1-0

[Event "WYCC 2018 G16"]
[Site "Halkidiki"]
[Date "2018.10.22"]
[Round "4"]
[White "Sanskriti Goyal"]
[Black "Grigorieva, Yulia"]
[Result "1/2-1/2"]
[ECO "A01"]
[WhiteElo "1971"]
[BlackElo "2112"]
[Annotator "NA"]
[PlyCount "131"]
[EventDate "2018.10.20"]
[EventType "swiss"]
[EventCountry "GRE"]
[SourceTitle "playchess.com"]
[Source "ChessBase"]
[SourceQuality "1"]
[TimeControl "40/5400+30:1800+30"]

1. b3 e5 2. Bb2 Nc6 3. e3 d5 4. Bb5 Bd6 5. f4 f6 6. Nf3 exf4 7. O-O Bg4 8. exf4 Nge7 9. Qe1 Qd7 10. Nd4 O-O-O 11. Nc3 a6 12. Bxc6 Nxc6 13. Na4 Rhg8 14. Qg3 Nxd4 15. Bxd4 Kb8 16. Qc3 g5 17. Bxf6 gxf4 18. Bxd8 Qxd8 19. Qd4 Qg5 20. h4 Qxh4 21. Rxf4 Qg3 22. Rxg4 Rxg4 23. Qxd5 Qh2+ 24. Kf2 Qg3+ 25. Ke2 Rf4 26. Rf1 Qg4+ 27. Rf3 Qxg2+ 28. Ke3 Qg1+ 29. Kd3 Qg6+ 30. Ke3 Rxf3+ 31. Kxf3 h5 32. Qe4 Qg3+ 33. Ke2 h4 34. Qe8+ Ka7 35. Qe3+ Qxe3+ 36. Kxe3 h3 37. Kf3 b5 38. Nc3 Kb6 39. Ne4 h2 40. Kg2 Bf4 41. Nf6 Kc5 42. c3 Kc6 43. d3 Be5 44. Ne4 Kd5 45. b4 c6 46. Kh1 Ke6 47. Nc5+ Kd5 48. Nxa6 Bxc3 49. Kxh2 Be5+ 50. Kg2 Bd6 51. Kf3 Kd4 52. Ke2 Kc3 53. a3 Kb3 54. d4 Kxa3 55. Kd3 Bxb4 56. Nb8 c5 57. dxc5 Bxc5 58. Nc6 Kb2 59. Na5 Bb4 60. Nc6 Bc3 61. Ke4 Ka3 62. Kd3 Bf6 63. Na7 b4 64. Nc6 b3 65. Na5 b2 66. Nc4+ 1/2-1/2

[Event "WYCC 2018 G16"]
[Site "Halkidiki"]
[Date "2018.10.22"]
[Round "4"]
[White "Ros Alonso, Joana"]
[Black "Bulatova, Kamaliya"]
[Result "0-1"]
[ECO "B51"]
[WhiteElo "1952"]
[BlackElo "2108"]
[Annotator "NA"]
[PlyCount "116"]
[EventDate "2018.10.20"]
[EventType "swiss"]
[EventCountry "GRE"]
[SourceTitle "playchess.com"]
[Source "ChessBase"]
[SourceQuality "1"]
[TimeControl "40/5400+30:1800+30"]

1. e4 c5 2. Nf3 d6 3. Bb5+ Nc6 4. O-O Bd7 {[%emt 0:00:00] LiveBook: 4014 Games} 5. Re1 Nf6 6. c3 a6 7. Bf1 Bg4 8. d4 cxd4 9. cxd4 e5 {[%emt 0:00:06] B51: Sicilian: Moscow Variation (3 Bb5+) without 3...Bd7} 10. d5 Nd4 11. h3 (11. Be3 Nxf3+ 12. gxf3 Bd7 13. a4 Be7 14. Qb3 O-O 15. Na3 Nh5 16. Nc4 f5 17. Nxe5 dxe5 {½-½ (52) Kryvoruchko,Y (2689)-Andriasian,Z (2585) Riadh 2017}) 11... Nxf3+ 12. gxf3 Bd7 $146 ({Predecessor:} 12... Bh5 13. Qd3 Rb8 14. f4 Nd7 15. Bg2 Be7 16. fxe5 dxe5 17. Nd2 {0-1 (69) Farago,S (2360)-Kutuzovic,B (2400) Budapest 1995}) 13. f4 g6 14. fxe5 dxe5 15. Nd2 Nh5 16. Nc4 Qf6 $11 17. Be3 Bb4 18. Re2 Nf4 19. Bxf4 Qxf4 20. Nb6 Rd8 21. Nxd7 Rxd7 22. Qc1 Qf6 23. a3 Bd6 24. Qh6 Rc7 25. Rae1 Ke7 26. h4 Bc5 27. Bh3 Bd4 28. Kg2 Rc5 29. Bg4 Rg8 30. Qg5 Rd8 31. Rd1 h5 32. Bh3 Rc4 33. Rdd2 Qxg5+ 34. hxg5 Bb6 35. Rc2 Rd4 36. Rc3 Rb8 37. Rc8 Rxc8 38. Bxc8 Kd6 39. Bxb7 Bd8 40. Bxa6 Bxg5 41. b4 Bc1 42. b5 Bxa3 43. b6 Rb4 44. b7 Rb6 45. Rc2 Bc5 46. Rc3 Rb2 47. Rf3 Ke7 48. Kg3 Bd6 49. Kh4 Rb6 50. Bf1 Rxb7 51. Kg5 Bc5 52. Kh4 Rb4 53. Bd3 f5 54. Bc2 fxe4 55. d6+ Kxd6 56. Rf6+ Ke7 57. Kg5 e3 58. fxe3 Rg4+ 0-1

[Event "WYCC 2018 G16"]
[Site "Halkidiki"]
[Date "2018.10.22"]
[Round "4"]
[White "Shanya Mishra"]
[Black "Rudzinska, Michalina"]
[Result "1/2-1/2"]
[ECO "A61"]
[WhiteElo "1924"]
[BlackElo "2073"]
[Annotator "NA"]
[PlyCount "108"]
[EventDate "2018.10.20"]
[EventType "swiss"]
[EventCountry "GRE"]
[SourceTitle "playchess.com"]
[Source "ChessBase"]
[SourceQuality "1"]
[TimeControl "40/5400+30:1800+30"]

1. d4 Nf6 2. c4 e6 3. Nf3 c5 4. d5 exd5 5. cxd5 d6 6. Nc3 g6 7. Bf4 a6 8. a4 Bg7 9. h3 O-O 10. e3 Ne8 11. Nd2 Qe7 12. Be2 Nd7 13. O-O Ne5 14. Qc2 Nc7 15. Bg3 f5 16. Rfe1 Bd7 17. a5 $11 Rab8 18. f4 Nf7 19. Bc4 Nb5 20. Na4 Rbe8 21. Nb6 Nh6 22. Nf3 Bf6 23. Rad1 Qd8 24. Qf2 Nc7 25. Nxd7 Qxd7 26. Bh4 Bxh4 27. Qxh4 Nf7 28. b3 Re7 29. Kf2 Kg7 30. g4 fxg4 31. hxg4 h6 32. Kg2 Rfe8 33. Rd3 Re4 34. Nd2 g5 35. Qh5 Rxf4 36. exf4 Rxe1 37. Rh3 Qe7 38. Nf3 Qe4 39. Kf2 Rb1 40. fxg5 Rb2+ 41. Kg3 Qe3 42. gxh6+ Nxh6 43. Qg5+ Qxg5 44. Nxg5 Rb1 45. Rxh6 Kxh6 46. Nf7+ Kg7 47. Nxd6 Rd1 48. Nxb7 Nxd5 49. Nxc5 Nb4 50. Nxa6 Nxa6 51. Bxa6 Ra1 52. b4 Ra4 53. Bb7 Rxb4 54. a6 Ra4 1/2-1/2

[Event "WYCC 2018 G16"]
[Site "Halkidiki"]
[Date "2018.10.22"]
[Round "4"]
[White "Esadze, Tamari"]
[Black "Staravoitava, Hanna"]
[Result "0-1"]
[ECO "B01"]
[WhiteElo "1911"]
[BlackElo "1768"]
[Annotator "NA"]
[PlyCount "80"]
[EventDate "2018.10.20"]
[EventType "swiss"]
[EventCountry "GRE"]
[SourceTitle "playchess.com"]
[Source "ChessBase"]
[SourceQuality "1"]
[TimeControl "40/5400+30:1800+30"]

1. e4 d5 2. exd5 Nf6 3. d4 Nxd5 4. c4 Nb6 5. Nf3 Bg4 6. Be2 Nc6 7. c5 Nd5 8. O-O g6 9. Nc3 Bg7 10. Qb3 e6 11. Qxb7 Ndb4 12. Qb5 Rb8 13. Qa4 O-O 14. a3 Bxf3 15. Bxf3 Nxd4 16. axb4 Nxf3+ 17. gxf3 Qh4 18. b5 Bd4 19. Be3 Rfd8 20. Rfd1 e5 21. Ne2 Rd5 22. Nc3 Rxc5 23. Ne4 Bxe3 24. fxe3 Rcxb5 25. Rd2 Kg7 26. Qa3 Rb3 27. Qc5 R8b5 28. Qxc7 Rxe3 29. Rf1 Qf4 30. Rdf2 Rbb3 31. Nc5 Rb6 32. Qxa7 Rf6 33. Nd7 Rf5 34. Qa8 Kh6 35. Qf8+ Kh5 36. Nc5 Qd4 37. Qc8 Rexf3 38. Qd7 Qg4+ 39. Kh1 Rxf2 40. Rxf2 Rxf2 0-1

[Event "WYCC 2018 G16"]
[Site "Halkidiki"]
[Date "2018.10.22"]
[Round "4"]
[White "Xing, Ashley"]
[Black "Plaza Reino, Mercedes"]
[Result "1-0"]
[ECO "D35"]
[WhiteElo "1889"]
[BlackElo "1727"]
[Annotator "NA"]
[PlyCount "107"]
[EventDate "2018.10.20"]
[EventType "swiss"]
[EventCountry "GRE"]
[SourceTitle "playchess.com"]
[Source "ChessBase"]
[SourceQuality "1"]
[TimeControl "40/5400+30:1800+30"]

1. d4 d5 2. c4 e6 3. Nc3 Nf6 4. cxd5 exd5 5. Bg5 Be7 6. e3 h6 7. Bh4 c6 8. Bd3 O-O 9. Qc2 Nbd7 10. Nge2 Re8 11. O-O Ne4 12. Bxe7 Qxe7 13. a3 Nd6 14. b4 Nb6 15. a4 a5 16. b5 Ndc4 17. Nf4 Rd8 18. Rfe1 Qd6 19. Qc1 Qf6 20. Nfe2 Be6 21. bxc6 bxc6 22. e4 Rac8 23. e5 Qe7 24. Nf4 c5 25. Nxe6 fxe6 26. Qf4 Rf8 27. Qg4 Qf7 28. f3 Nb2 29. Bg6 Qe7 30. Nb5 N2c4 31. Kh1 Rb8 32. dxc5 Nxa4 33. Nd4 Nxc5 34. Nc6 Qc7 35. Nxb8 Rxb8 36. f4 a4 37. Bc2 Qf7 38. Bxa4 Nd3 39. Re2 Ra8 40. Qf3 Ndb2 41. Qb3 Qxf4 42. Ree1 Qd2 43. Bd7 Rf8 44. Bxe6+ Kh7 45. Qh3 d4 46. Bf5+ Kh8 47. e6 Ne3 48. e7 Re8 49. Bg6 Nbd1 50. Rexd1 Nxd1 51. Qe6 Ne3 52. Qe4 Qb2 53. Rg1 Rxe7 54. Qa8+ 1-0

[Event "WYCC 2018 G16"]
[Site "Halkidiki"]
[Date "2018.10.22"]
[Round "4"]
[White "Skaslien, Ingrid"]
[Black "Aubert, Estee"]
[Result "1/2-1/2"]
[ECO "E63"]
[WhiteElo "1885"]
[BlackElo "2064"]
[Annotator "NA"]
[PlyCount "95"]
[EventDate "2018.10.20"]
[EventType "swiss"]
[EventCountry "GRE"]
[SourceTitle "playchess.com"]
[Source "ChessBase"]
[SourceQuality "1"]
[TimeControl "40/5400+30:1800+30"]

1. d4 Nf6 2. Nf3 g6 3. g3 Bg7 4. Bg2 O-O 5. O-O d6 6. c4 Nc6 7. Nc3 a6 8. e4 Bg4 9. Be3 Rb8 10. Rb1 b5 11. b4 Qc8 12. Qd3 Bd7 13. d5 Nd8 14. c5 $16 Bg4 15. Nd2 Bh3 16. Rbc1 Bxg2 17. Kxg2 Qd7 18. f3 dxc5 19. bxc5 e6 20. d6 Ne8 21. Bf4 e5 22. Be3 cxd6 23. Nd5 Nc6 24. Nb6 Qe6 25. Qd5 Qxd5 26. exd5 Nb4 27. Nd7 Rd8 28. Nxf8 Bxf8 29. c6 Nxd5 30. Kf2 Rc8 31. Nb3 Nb4 32. Ke2 Nxa2 33. Ra1 Nc3+ 34. Kd3 Rxc6 35. Rfc1 b4 36. Bd2 d5 37. Bxc3 bxc3 38. Rxc3 Rb6 39. Nc5 Nc7 40. Nd7 Rb7 41. Nxe5 Bd6 42. f4 Rb6 43. Nd7 Rb7 44. Rc6 Be7 45. Nc5 Bxc5 46. Rxc5 d4 47. Rc2 Ne6 48. Ke4 1/2-1/2

[Event "WYCC 2018 G16"]
[Site "Halkidiki"]
[Date "2018.10.22"]
[Round "4"]
[White "Tejasvi M"]
[Black "Ge, Eva"]
[Result "1-0"]
[ECO "B40"]
[WhiteElo "1869"]
[BlackElo "1701"]
[Annotator "NA"]
[PlyCount "65"]
[EventDate "2018.10.20"]
[EventType "swiss"]
[EventCountry "GRE"]
[SourceTitle "playchess.com"]
[Source "ChessBase"]
[SourceQuality "1"]
[TimeControl "40/5400+30:1800+30"]

1. e4 c5 2. Nf3 e6 3. d4 cxd4 4. Nxd4 Nf6 5. Nc3 Nc6 6. Ndb5 Bb4 7. a3 Bxc3+ 8. Nxc3 d5 9. exd5 exd5 10. Bd3 O-O 11. O-O d4 12. Ne2 Bg4 13. f3 Bh5 14. Nf4 Bg6 15. Nxg6 hxg6 16. f4 Qb6 17. f5 Ne5 18. fxg6 Nxg6 19. Bxg6 fxg6 20. Qd3 Nd5 21. Bd2 Rac8 22. b4 Ne3 23. Rxf8+ Kxf8 24. Re1 Qc6 25. Bxe3 dxe3 26. Qxe3 Qxc2 27. Qe6 Qf5 28. Rf1 Rc1 29. Qxf5+ gxf5 30. Rxc1 b6 31. Rc7 a5 32. bxa5 bxa5 33. Ra7 1-0

[Event "WYCC 2018 G16"]
[Site "Halkidiki"]
[Date "2018.10.22"]
[Round "4"]
[White "Kvendseth, Thyra"]
[Black "De Freitas, Isabella Ribeiro Co"]
[Result "1-0"]
[ECO "D56"]
[WhiteElo "1854"]
[BlackElo "1605"]
[Annotator "NA"]
[PlyCount "55"]
[EventDate "2018.10.20"]
[EventType "swiss"]
[EventCountry "GRE"]
[SourceTitle "playchess.com"]
[Source "ChessBase"]
[SourceQuality "1"]
[TimeControl "40/5400+30:1800+30"]

1. d4 d5 2. c4 e6 3. Nc3 Nf6 4. Nf3 Be7 5. Bg5 h6 6. Bh4 O-O 7. e3 Nbd7 8. Rc1 c6 9. Bd3 dxc4 10. Bxc4 Nb6 11. Bd3 Nbd5 12. O-O Re8 13. Ne2 Nb4 14. Bb1 Qb6 15. a3 Nbd5 16. e4 Nc7 17. Qc2 g6 18. Qd2 Kg7 19. Qc2 Bd7 20. Ne5 Rad8 21. Nxg6 Ng8 22. Nxe7 Nxe7 23. e5 Ng6 24. Bf6+ Kg8 25. Nf4 Nd5 26. Nxg6 Nxf6 27. exf6 Qxd4 28. Ne5 1-0

[Event "WYCC 2018 G16"]
[Site "Halkidiki"]
[Date "2018.10.22"]
[Round "4"]
[White "Pecorini, Angie"]
[Black "Bania, Eleni"]
[Result "0-1"]
[ECO "A83"]
[WhiteElo "1847"]
[BlackElo "1454"]
[Annotator "NA"]
[PlyCount "50"]
[EventDate "2018.10.20"]
[EventType "swiss"]
[EventCountry "GRE"]
[SourceTitle "playchess.com"]
[Source "ChessBase"]
[SourceQuality "1"]
[TimeControl "40/5400+30:1800+30"]

1. d4 f5 2. e4 fxe4 3. Nc3 Nf6 4. Bg5 g6 5. h4 Bg7 6. h5 Nxh5 7. Rxh5 gxh5 8. Qxh5+ Kf8 9. Bc4 Qe8 10. Qh2 e6 11. d5 d6 12. Qf4+ Qf7 13. Qxe4 e5 14. O-O-O Bf5 15. Qh4 Nd7 16. Bd3 Nc5 17. Bxf5 Qxf5 18. g4 Qf7 19. b4 Na6 20. Rd3 Kg8 21. Ne4 h6 22. Rf3 Qg6 23. Nf6+ Bxf6 24. Bxf6 Nxb4 25. Rf5 Rh7 0-1

[Event "WYCC 2018 G16"]
[Site "Halkidiki"]
[Date "2018.10.22"]
[Round "4"]
[White "Nguyen, Vu Thu Hien"]
[Black "Urh, Zala"]
[Result "0-1"]
[ECO "E32"]
[WhiteElo "1841"]
[BlackElo "2066"]
[Annotator "NA"]
[PlyCount "104"]
[EventDate "2018.10.20"]
[EventType "swiss"]
[EventCountry "GRE"]
[SourceTitle "playchess.com"]
[Source "ChessBase"]
[SourceQuality "1"]
[TimeControl "40/5400+30:1800+30"]

1. d4 Nf6 2. c4 e6 3. Nc3 Bb4 4. Qc2 b6 5. Bg5 h6 6. Bh4 Bb7 7. Nf3 O-O {[%emt 0:04:09] E13: Queen's Indian/Nimzo-Indian hybrid: 4 Nc3 Bb7 5 Bg5 h6 6 Bh4 Bb4} (7... g5 8. Bg3 Ne4 9. e3 Bxc3+ 10. bxc3 d6 11. Bd3 f5 12. d5 Qf6 13. Bxe4 fxe4 14. Qxe4 Qxc3+ 15. Ke2 Qb2+ 16. Nd2 Qf6 17. h4 g4 18. h5 Nd7 19. Bh4 Qf5 20. Qxf5 exf5 {0-1 (34) Tang,A (2513)-Nakamura,H (2781) chess.com INT 2018}) 8. a3 Bxc3+ 9. bxc3 c5 10. e3 d6 11. Be2 Nc6 $146 ({Predecessor:} 11... Nbd7 12. O-O Qe7 13. Nd2 Rac8 14. Rac1 e5 15. d5 {1-0 (66) Medic,M (2300)-Gurieli,N (2380) Belgrade 1988}) 12. O-O e5 13. Rfd1 Qe7 14. Rac1 Rfe8 15. Bf1 Na5 16. Nd2 Rac8 17. Qf5 g5 18. Bg3 Rcd8 19. Qc2 Nh5 20. Nb3 Nxb3 21. Qxb3 f5 22. dxc5 $17 f4 23. cxd6 Qf7 24. Qa4 fxg3 25. hxg3 Rf8 26. Rd2 Bc8 27. Qb5 Nf6 28. f3 Nd7 29. a4 Nc5 30. a5 Bd7 31. Qb4 Rb8 32. axb6 axb6 33. Ra1 e4 34. Be2 Qe6 35. Re1 Bc6 36. f4 gxf4 37. gxf4 Kh8 38. Bf1 Rg8 39. Red1 Bd7 40. Re1 Qg6 41. Qb1 Qg3 42. Ree2 h5 43. Rd5 Bg4 44. Rb2 Qxe3+ 45. Kh1 Na4 46. Rb3 h4 47. Qa2 h3 48. Qd2 Qxd2 49. Rxd2 e3 50. Rd5 e2 51. Bxe2 Bxe2 52. gxh3 Bf3+ 0-1

[Event "WYCC 2018 G16"]
[Site "Halkidiki"]
[Date "2018.10.22"]
[Round "4"]
[White "Hovhannisyan, Mane"]
[Black "Gombocz, Zsofia"]
[Result "1/2-1/2"]
[ECO "E06"]
[WhiteElo "1730"]
[BlackElo "2038"]
[Annotator "NA"]
[PlyCount "86"]
[EventDate "2018.10.20"]
[EventType "swiss"]
[EventCountry "GRE"]
[SourceTitle "playchess.com"]
[Source "ChessBase"]
[SourceQuality "1"]
[TimeControl "40/5400+30:1800+30"]

1. d4 d5 2. Nf3 Nf6 3. c4 e6 4. g3 Be7 5. Bg2 O-O 6. O-O c6 7. Qc2 b6 8. Nc3 Ba6 9. cxd5 cxd5 10. Ne5 Bd6 11. Rd1 Nbd7 12. Bf4 Bxe5 13. dxe5 Nh5 14. e4 Nxf4 15. gxf4 Qh4 16. exd5 Qxf4 17. dxe6 Nxe5 $18 18. e7 Ng4 19. exf8=Q+ Rxf8 20. Rd3 Qxh2+ 21. Kf1 Ne5 22. Rad1 Nxd3 23. Rxd3 Bxd3+ 24. Qxd3 Qf4 25. Be4 Qc1+ 26. Nd1 g6 27. b3 Re8 28. Bd5 Qa1 29. a4 Qf6 30. Ne3 Rc8 31. Bc4 Rd8 32. Nd5 Qa1+ 33. Kg2 Qe5 34. f4 Qb2+ 35. Kf3 Re8 36. Ne3 Qh2 37. Qd4 Qh1+ 38. Ng2 Qh3+ 39. Kf2 Qf5 40. Bd5 Qc2+ 41. Kg3 Qe2 42. Bf3 Qe6 43. Bd5 Qe2 1/2-1/2

[Event "WYCC 2018 G16"]
[Site "Halkidiki"]
[Date "2018.10.22"]
[Round "4"]
[White "Sanabria Taskila, Jenny Maria"]
[Black "Hercog, Nusa"]
[Result "1/2-1/2"]
[ECO "B47"]
[WhiteElo "1728"]
[BlackElo "2017"]
[Annotator "NA"]
[PlyCount "65"]
[EventDate "2018.10.20"]
[EventType "swiss"]
[EventCountry "GRE"]
[SourceTitle "playchess.com"]
[Source "ChessBase"]
[SourceQuality "1"]
[TimeControl "40/5400+30:1800+30"]

1. e4 c5 2. Nf3 Nc6 3. d4 cxd4 4. Nxd4 e6 5. Nc3 Qc7 6. Qd3 Nxd4 7. Qxd4 a6 8. Be3 b5 9. a3 Bb7 10. Be2 Nf6 11. O-O Be7 12. f4 Rc8 13. Bf3 O-O 14. Qd2 d5 15. exd5 Bxd5 16. Bxd5 Rfd8 17. Qf2 Nxd5 18. Nxd5 Rxd5 19. c3 Qd7 20. Qf3 Rd8 21. Bd4 f6 22. Rae1 Bc5 23. Bxc5 Rxc5 24. Qe3 Rc6 25. Rd1 Rd6 26. Rxd6 Qxd6 27. Re1 Kf7 28. Re2 Rd7 29. Kf2 Rd8 30. Re1 Qc6 31. Re2 Qd5 32. Qe4 Qc5+ 33. Kg3 1/2-1/2

[Event "WYCC 2018 G16"]
[Site "Halkidiki"]
[Date "2018.10.22"]
[Round "4"]
[White "Hewawasam, H Y Nevanjee Dimany"]
[Black "Moerwald, Magdalena"]
[Result "0-1"]
[ECO "B12"]
[WhiteElo "1686"]
[BlackElo "1875"]
[Annotator "NA"]
[PlyCount "150"]
[EventDate "2018.10.20"]
[EventType "swiss"]
[EventCountry "GRE"]
[SourceTitle "playchess.com"]
[Source "ChessBase"]
[SourceQuality "1"]
[TimeControl "40/5400+30:1800+30"]

1. e4 c6 2. d4 d5 3. e5 Bf5 4. Nf3 e6 5. Be2 h6 6. O-O Ne7 7. Nbd2 Bh7 8. Nb3 Nd7 9. c3 Rc8 10. Bf4 Nf5 11. Rc1 Be7 12. Bd3 c5 13. dxc5 Bxc5 14. Nxc5 Nxc5 15. Bb5+ Nd7 16. c4 dxc4 17. g4 Ne7 18. Bxc4 O-O 19. g5 h5 20. Nd4 Nb6 21. Bb3 Rxc1 22. Bxc1 Bg6 23. Nb5 Bd3 24. Nd6 Bxf1 25. Qxf1 Qc7 26. Be3 Nbc8 27. Qd1 g6 28. Bf4 Qc6 29. Qe2 Nxd6 30. exd6 Nf5 31. Qe5 Nh4 32. Kf1 Qa6+ 33. Qe2 Qxe2+ 34. Kxe2 Rd8 35. Bc2 Kf8 36. Kd2 Nf3+ 37. Ke3 e5 38. Bg3 h4 39. Kxf3 hxg3 40. fxg3 Rxd6 41. Ke3 Rb6 42. b3 Ra6 43. a4 Rc6 44. Kd2 Ke7 45. g4 f6 46. gxf6+ Kxf6 47. h4 Rd6+ 48. Ke3 Rd4 49. Kf3 Rb4 50. Bd1 Rd4 51. Bc2 Rf4+ 52. Kg3 g5 53. h5 e4 54. Bd1 Rf1 55. Be2 Rc1 56. Kf2 Ke5 57. Bc4 Kf4 58. Be6 e3+ 59. Ke2 Rc2+ 60. Ke1 Rb2 61. Bg8 Kxg4 62. h6 Rh2 63. h7 Kf4 64. b4 g4 65. b5 g3 66. Bd5 Rxh7 67. a5 Rh5 68. Bxb7 Rxb5 69. a6 g2 70. Bxg2 Rb1+ 71. Ke2 Rb2+ 72. Kf1 Rf2+ 73. Kg1 Kg3 74. Kh1 e2 75. Bf1 exf1=Q# 0-1

[Event "WYCC 2018 G16"]
[Site "Halkidiki"]
[Date "2018.10.22"]
[Round "4"]
[White "Ortega Beltran, Ximena"]
[Black "Aciu, Malina-Andreea"]
[Result "0-1"]
[ECO "A20"]
[WhiteElo "1628"]
[BlackElo "1976"]
[Annotator "NA"]
[PlyCount "52"]
[EventDate "2018.10.20"]
[EventType "swiss"]
[EventCountry "GRE"]
[SourceTitle "playchess.com"]
[Source "ChessBase"]
[SourceQuality "1"]
[TimeControl "40/5400+30:1800+30"]

1. c4 e5 2. g3 c5 3. Bg2 Nc6 4. Nc3 g6 5. h4 h6 6. Nf3 Bg7 7. d3 Nge7 8. Be3 d6 9. Qc1 Be6 10. Ne4 f5 11. Nc3 Qd7 12. a3 Nd4 13. Rb1 Rc8 14. Qd2 $17 d5 15. Bxd4 cxd4 16. cxd5 dxc3 17. bxc3 Bxd5 18. c4 Bc6 19. Qe3 Qd6 20. O-O b6 21. Rfc1 O-O 22. Rb3 f4 23. gxf4 exf4 24. Qd2 Nf5 25. c5 bxc5 26. Qa5 Qe6 0-1